SOB
PUERTO BARRIOS GENERALS @ GUADALAJARA MARIANCHIS
11/19/1981
 
TOP OF THE 1ST
Puerto Barrios Generals batting - Pitching for Guadalajara Marianchis : RHP Glenn Fisher
Pitching: RHP Glenn Fisher
Batting: SHB Vince Coleman 0-0: Called Strike
0-1: Ball
1-1: Fly out, F9 (Flyball, 9D, EV 100.0 MPH)
Batting: LHB Andy Guerrero 0-0: Called Strike
0-1: Ball
1-1: Foul Ball, location: 2F
1-2: SINGLE (Groundball, 6MD, EV 104.4 MPH)
Batting: LHB Ty Gainey 0-0: Ball
Andy Guerrero is caught stealing 2nd base 2-6
1-0: Swinging Strike
1-1: Ball
2-1: Ball
3-1: Called Strike
3-2: Base on Balls
Batting: LHB Randy Bush 0-0: Swinging Strike
Ty Gainey steals 2nd base
0-1: Ball
1-1: Fly out, F8 (Flyball, 8LS, EV 85.0 MPH)
Top of the 1st over - 0 runs, 1 hit, 0 errors, 1 left on base; Puerto Barrios 0 - Guadalajara 0
BOTTOM OF THE 1ST
Guadalajara Marianchis batting - Pitching for Puerto Barrios Generals : RHP Bill Aguilar
Pitching: RHP Bill Aguilar
Batting: RHB Jack Lopez 0-0: Called Strike
0-1: Called Strike
0-2: Ball
1-2: Reached on error, E6 (Groundball, 6, EV 94.4 MPH)
Batting: RHB Steven Patterson 0-0: Ball
1-0: Ball
2-0: Ball
3-0: Called Strike
3-1: Fielders Choice at 2nd, 3-6 (Groundball, 3, EV 102.5 MPH)
Batting: SHB Spike Owen 0-0: Ball
1-0: Ball
2-0: Called Strike
2-1: Ball
3-1: Base on Balls
Steven Patterson to second
Batting: RHB George Foussianes 0-0: Foul Ball, location: 2F
0-1: Ball
1-1: Swinging Strike
1-2: Ground out 6-3 (Groundball, P, EV 91.3 MPH)
Steven Patterson to third
Spike Owen to second
Batting: RHB Mark Maher 0-0: Ball
1-0: Called Strike
1-1: Ball
2-1: Swinging Strike
2-2: Strikes out swinging
Bottom of the 1st over - 0 runs, 0 hits, 1 error, 2 left on base; Puerto Barrios 0 - Guadalajara 0
TOP OF THE 2ND
Puerto Barrios Generals batting - Pitching for Guadalajara Marianchis : RHP Glenn Fisher
Batting: LHB Martino Martin 0-0: Ball
1-0: Called Strike
1-1: Called Strike
1-2: Foul Ball, location: 2F
1-2: Foul Ball, location: 2F
1-2: Foul Ball, location: 2F
1-2: Ball
2-2: Fly out, F9 (Line Drive, 9, EV 87.5 MPH)
Batting: SHB Doug Baker 0-0: Ball
1-0: Ball
2-0: Ball
3-0: Base on Balls
Batting: LHB Clay Hill 0-0: Ball
1-0: Swinging Strike
1-1: Foul Ball, location: 2F
1-2: Foul Ball, location: 2F
1-2: Fly out, F8 (Line Drive, 8LD, EV 93.1 MPH)
Batting: RHB Mark Sproesser 0-0: Ball
1-0: Called Strike
1-1: Ball
2-1: Swinging Strike
2-2: DOUBLE (Groundball, 5L, EV 103.8 MPH)
Doug Baker to third
Doug Baker scores
Batting: LHB Alex Mata 0-0: Foul Ball, location: 2F
0-1: Called Strike
0-2: Strikes out swinging
Top of the 2nd over - 1 run, 1 hit, 0 errors, 1 left on base; Puerto Barrios 1 - Guadalajara 0
BOTTOM OF THE 2ND
Guadalajara Marianchis batting - Pitching for Puerto Barrios Generals : RHP Bill Aguilar
Batting: RHB Jeff Rudolph 0-0: Called Strike
0-1: Ball
1-1: Called Strike
1-2: Ball
2-2: Foul Ball, location: 2F
2-2: Ground out 6-3 (Groundball, 6, EV 100.6 MPH)
Batting: LHB Erik Nelson 0-0: Fly out, F8 (Flyball, 8LD, EV 88.8 MPH)
Batting: RHB Jose Gonzalez 0-0: Called Strike
0-1: Swinging Strike
0-2: Foul Ball, location: 2F
0-2: Foul Ball, location: 2F
0-2: Ball
1-2: Strikes out swinging
Bottom of the 2nd over - 0 runs, 0 hits, 0 errors, 0 left on base; Puerto Barrios 1 - Guadalajara 0
TOP OF THE 3RD
Puerto Barrios Generals batting - Pitching for Guadalajara Marianchis : RHP Glenn Fisher
Batting: SHB Vince Coleman 0-0: Ball
1-0: Swinging Strike
1-1: Ball
2-1: Foul Ball, location: 2F
2-2: Foul Ball, location: 2F
2-2: Ball
3-2: Base on Balls
Batting: LHB Andy Guerrero 0-0: Ball
1-0: Swinging Strike
1-1: Swinging Strike
1-2: Fielders Choice at 2nd, 5-4 (Groundball, 5, EV 86.3 MPH)
Batting: LHB Ty Gainey 0-0: Called Strike
0-1: Ball
1-1: Ball
Andy Guerrero is caught stealing 2nd base 2-6
2-1: Fly out, F8 (Flyball, 8LM, EV 98.8 MPH)
Top of the 3rd over - 0 runs, 0 hits, 0 errors, 0 left on base; Puerto Barrios 1 - Guadalajara 0
BOTTOM OF THE 3RD
Guadalajara Marianchis batting - Pitching for Puerto Barrios Generals : RHP Bill Aguilar
Batting: LHB Arnulfo Camacho 0-0: Ball
1-0: Ball
2-0: Called Strike
2-1: Ground out 4-3 (Groundball, 4, EV 86.9 MPH)
Batting: RHB Jack Lopez 0-0: Called Strike
0-1: Called Strike
0-2: Ball
1-2: Ball
2-2: SINGLE (Groundball, 6MD, EV 111.3 MPH)
Batting: RHB Steven Patterson 0-0: Ball
Jack Lopez is caught stealing 2nd base 2-4
1-0: DOUBLE (Line Drive, 78D, EV 105.6 MPH)
Batting: SHB Spike Owen 0-0: Ball
1-0: Ball
2-0: Called Strike
2-1: Foul Ball, location: 2F
2-2: Ball
3-2: Base on Balls
Batting: RHB George Foussianes 0-0: Ball
1-0: Foul Ball, location: 2F
1-1: Fly out, F8 (Line Drive, 8LD, EV 87.5 MPH)
Bottom of the 3rd over - 0 runs, 2 hits, 0 errors, 2 left on base; Puerto Barrios 1 - Guadalajara 0
TOP OF THE 4TH
Puerto Barrios Generals batting - Pitching for Guadalajara Marianchis : RHP Glenn Fisher
Batting: LHB Randy Bush 0-0: Swinging Strike
0-1: Ball
1-1: Ground out 6-3 (Groundball, 6MD, EV 86.9 MPH)
Batting: LHB Martino Martin 0-0: Ball
1-0: Called Strike
1-1: Reached on error, E3 (Groundball, 3S, EV 78.8 MPH)
Batting: SHB Doug Baker 0-0: Called Strike
0-1: Ball
1-1: Ball
2-1: Ball
3-1: Fielders Choice at 2nd, 4-6 (Groundball, 4, EV 93.1 MPH)
Batting: LHB Clay Hill 0-0: Ball
1-0: Ball
2-0: SINGLE (Groundball, 34D, EV 105.6 MPH)
Doug Baker to second
Runner from 2nd tries for 3rd, SAFE, throw by RF made to third
Batting: RHB Mark Sproesser 0-0: Fielders Choice at 2nd, U4 (Groundball, 4M, EV 86.3 MPH)
Top of the 4th over - 0 runs, 1 hit, 1 error, 2 left on base; Puerto Barrios 1 - Guadalajara 0
BOTTOM OF THE 4TH
Guadalajara Marianchis batting - Pitching for Puerto Barrios Generals : RHP Bill Aguilar
Batting: RHB Mark Maher 0-0: Called Strike
0-1: Called Strike
0-2: Ball
1-2: Strikes out swinging
Batting: RHB Jeff Rudolph 0-0: Ball
1-0: Ball
2-0: Ball
3-0: Base on Balls
Batting: LHB Erik Nelson 0-0: Ball
1-0: Grounds into double play, 4-6-3 (Groundball, 4, EV 89.4 MPH)
Bottom of the 4th over - 0 runs, 0 hits, 0 errors, 0 left on base; Puerto Barrios 1 - Guadalajara 0
TOP OF THE 5TH
Puerto Barrios Generals batting - Pitching for Guadalajara Marianchis : RHP Glenn Fisher
Batting: LHB Alex Mata 0-0: Ball
1-0: Called Strike
1-1: Fly out, F8 (Flyball, 8LD, EV 88.1 MPH)
Batting: SHB Vince Coleman 0-0: Called Strike
0-1: SINGLE (Line Drive, 9LS, EV 100.0 MPH)
Batting: LHB Andy Guerrero 0-0: Ball
Vince Coleman steals 2nd base
1-0: Foul Ball, location: 2F
1-1: Ball
2-1: Foul Ball, location: 2F
2-2: Strikes out swinging
Batting: LHB Ty Gainey 0-0: Ball
1-0: Ball
2-0: Foul Ball, location: 2F
2-1: 2-RUN HOME RUN (Flyball, 89XD, EV 93.1 MPH), Distance : 419 ft
Batting: LHB Randy Bush 0-0: Ball
1-0: Swinging Strike
1-1: Fly out, F8 (Flyball, 78S, EV 73.1 MPH)
Top of the 5th over - 2 runs, 2 hits, 0 errors, 0 left on base; Puerto Barrios 3 - Guadalajara 0
BOTTOM OF THE 5TH
Guadalajara Marianchis batting - Pitching for Puerto Barrios Generals : RHP Bill Aguilar
Batting: RHB Jose Gonzalez 0-0: Foul Ball, location: 2F
0-1: Ball
1-1: Foul Ball, location: 2F
1-2: Ball
2-2: Fly out, F5 (Popup, 56S, EV 86.3 MPH)
Batting: LHB Arnulfo Camacho 0-0: Called Strike
0-1: Ball
1-1: Ball
2-1: Called Strike
2-2: Ground out 4-3 (Groundball, 4, EV 99.4 MPH)
Batting: RHB Jack Lopez 0-0: Ball
1-0: Called Strike
1-1: Swinging Strike
1-2: Ball
2-2: Ball
3-2: Foul Ball, location: 2F
3-2: Foul Ball, location: 2F
3-2: Base on Balls
Batting: RHB Steven Patterson 0-0: Ball
Jack Lopez is caught stealing 2nd base 2-4
Bottom of the 5th over - 0 runs, 0 hits, 0 errors, 0 left on base; Puerto Barrios 3 - Guadalajara 0
TOP OF THE 6TH
Puerto Barrios Generals batting - Pitching for Guadalajara Marianchis : RHP Glenn Fisher
Batting: LHB Martino Martin 0-0: Ball
1-0: Ground out 4-3 (Groundball, 4, EV 78.1 MPH)
Batting: SHB Doug Baker 0-0: SINGLE (Groundball, 25, EV 68.8 MPH) (infield hit)
Batting: LHB Clay Hill 0-0: Called Strike
0-1: Ball
1-1: Foul Ball, location: 2F
1-2: SINGLE (Groundball, 4S, EV 70.0 MPH) (infield hit)
Doug Baker to second
Batting: RHB Mark Sproesser 0-0: Grounds into double play, 4-6-3 (Groundball, 4, EV 91.3 MPH)
Top of the 6th over - 0 runs, 2 hits, 0 errors, 1 left on base; Puerto Barrios 3 - Guadalajara 0
BOTTOM OF THE 6TH
Guadalajara Marianchis batting - Pitching for Puerto Barrios Generals : RHP Bill Aguilar
Batting: RHB Steven Patterson 0-0: Ball
1-0: Foul Ball, location: 2F
1-1: Ball
2-1: Ball
3-1: Base on Balls
Batting: SHB Spike Owen 0-0: Called Strike
0-1: SINGLE (Groundball, P, EV 91.3 MPH) (infield hit)
Steven Patterson to second
Batting: RHB George Foussianes 0-0: Ball
1-0: Fly out, F2 (Popup, 2RF, EV 89.4 MPH)
Batting: RHB Mark Maher 0-0: Ball
1-0: Grounds into double play, 4-6-3 (Groundball, 4, EV 81.3 MPH)
Bottom of the 6th over - 0 runs, 1 hit, 0 errors, 1 left on base; Puerto Barrios 3 - Guadalajara 0
TOP OF THE 7TH
Puerto Barrios Generals batting - Pitching for Guadalajara Marianchis : RHP Glenn Fisher
Batting: LHB Alex Mata 0-0: SINGLE (Line Drive, 6D, EV 96.3 MPH)
Batting: SHB Vince Coleman 0-0: Called Strike
0-1: Ball
1-1: Ball
2-1: SINGLE (Line Drive, 4M, EV 107.5 MPH)
Alex Mata to second
Batting: LHB Andy Guerrero 0-0: Ball
1-0: Bunt missed!
1-1: Sac Bunt to 15 - play at first, batter OUT! 1-4
Alex Mata to third
Vince Coleman to second
Batting: LHB Ty Gainey 0-0: Ball
1-0: Ball
2-0: Ball
3-0: Called Strike
3-1: Foul Ball, location: 2F
3-2: Base on Balls
Batting: LHB Randy Bush 0-0: Ball
1-0: Called Strike
1-1: Ball
2-1: SINGLE (Groundball, 15S, EV 68.8 MPH) (infield hit)
Alex Mata scores
Vince Coleman to third
Ty Gainey to second
Batting: LHB Martino Martin 0-0: Called Strike
0-1: Ball
1-1: Ball
2-1: Ball
3-1: Called Strike
3-2: DOUBLE (Line Drive, 8LD, EV 87.5 MPH)
Vince Coleman scores
Ty Gainey scores
Randy Bush to third
Pitching: LHP Giralldo Palmeira
Batting: SHB Doug Baker 0-0: Called Strike
0-1: Swinging Strike
0-2: Ball
1-2: Foul Ball, location: 2F
1-2: Foul Ball, location: 2F
1-2: DOUBLE (Groundball, 5L, EV 105.6 MPH)
Randy Bush scores
Martino Martin scores
Batting: LHB Clay Hill 0-0: Ball
1-0: Swinging Strike
1-1: Ground out U3 (Groundball, 3S, EV 88.8 MPH)
Doug Baker to third
Batting: RHB Mark Sproesser 0-0: Ball
1-0: Called Strike
1-1: Ball
2-1: Ball
3-1: Swinging Strike
3-2: Strikes out swinging
Top of the 7th over - 5 runs, 5 hits, 0 errors, 1 left on base; Puerto Barrios 8 - Guadalajara 0
BOTTOM OF THE 7TH
Guadalajara Marianchis batting - Pitching for Puerto Barrios Generals : RHP Bill Aguilar
Batting: RHB Jeff Rudolph 0-0: Ball
1-0: Ball
2-0: Ball
3-0: Called Strike
3-1: Base on Balls
Batting: LHB Erik Nelson 0-0: Swinging Strike
Jeff Rudolph steals 2nd base (no throw)
0-1: Ball
1-1: Ball
2-1: Fly out, F9 (Flyball, 89D, EV 101.9 MPH)
Runner from 2nd tags up, SAFE at 3rd, no throw by RF
Batting: RHB Jose Gonzalez 0-0: Called Strike
0-1: Ball
1-1: Swinging Strike
1-2: Reached on error, E6 (Groundball, 6MS, EV 80.0 MPH)
Jeff Rudolph scores
Batting: LHB Arnulfo Camacho 0-0: Grounds into double play, 4-6-3 (Groundball, 4, EV 101.9 MPH)
Bottom of the 7th over - 1 run, 0 hits, 1 error, 0 left on base; Puerto Barrios 8 - Guadalajara 1
TOP OF THE 8TH
Puerto Barrios Generals batting - Pitching for Guadalajara Marianchis : LHP Giralldo Palmeira
Batting: LHB Alex Mata 0-0: DOUBLE (Line Drive, 78M, EV 108.8 MPH)
Batting: SHB Vince Coleman 0-0: Ball
1-0: Foul Ball, location: 2F
1-1: Ball
2-1: Foul Ball, location: 2F
2-2: Strikes out looking
Pinch Hitting: SHB Steven Malito 0-0: Foul Ball, location: 2F
0-1: Foul Ball, location: 2F
0-2: Foul Ball, location: 2F
0-2: Ball
1-2: Fly out, F1 (Line Drive, P, EV 64.4 MPH)
Batting: LHB Ty Gainey 0-0: Foul Ball, location: 2F
0-1: Ball
1-1: Ball
2-1: SINGLE (Groundball, 4M, EV 86.3 MPH) (infield hit)
Alex Mata to third
Batting: LHB Randy Bush 0-0: Ball
1-0: Ball
2-0: Foul Ball, location: 2F
2-1: Foul Ball, location: 2F
2-2: Foul Ball, location: 2F
2-2: DOUBLE (Flyball, 8RXD, EV 111.9 MPH)
Alex Mata scores
Ty Gainey to third
Runner from 3rd tries for Home, SAFE, no throw by CF
Pinch Hitting: LHB George Johnson 0-0: Called Strike
0-1: Ground out 6-3 (Groundball, 6, EV 107.5 MPH)
Top of the 8th over - 2 runs, 3 hits, 0 errors, 1 left on base; Puerto Barrios 10 - Guadalajara 1
BOTTOM OF THE 8TH
Guadalajara Marianchis batting - Pitching for Puerto Barrios Generals : RHP Bill Aguilar
Now in CF: George Johnson
Now in RF: Steven Malito
Batting: RHB Jack Lopez 0-0: Ball
1-0: Ball
2-0: Ball
3-0: Base on Balls
Batting: RHB Steven Patterson 0-0: Called Strike
0-1: Called Strike
0-2: Ball
1-2: Fly out, F7 (Flyball, 78M, EV 76.9 MPH)
Batting: SHB Spike Owen 0-0: Called Strike
0-1: Ball
1-1: Ball
2-1: Fly out, F8 (Flyball, 8RM, EV 95.6 MPH)
Pinch Hitting: RHB Michael Williams 0-0: Called Strike
0-1: Foul Ball, location: 2F
0-2: Ball
1-2: Fly out, F8 (Line Drive, 8LD, EV 95.0 MPH)
Bottom of the 8th over - 0 runs, 0 hits, 0 errors, 1 left on base; Puerto Barrios 10 - Guadalajara 1
TOP OF THE 9TH
Puerto Barrios Generals batting - Pitching for Guadalajara Marianchis : LHP Giralldo Palmeira
Now at 1B: Kevin Harvey
Pinch Hitting: RHB Richard Hyatt 0-0: Fly out, F9 (Flyball, 89D, EV 91.3 MPH)
Pinch Hitting: RHB Gabe Morales 0-0: Called Strike
0-1: Called Strike
0-2: Ball
1-2: SINGLE (Groundball, 56D, EV 98.8 MPH)
Pitching: LHP Richard Cope
Batting: RHB Mark Sproesser Pickoff Throw to First - Out! 1-3
0-0: Ball
1-0: Fly out, F8 (Flyball, 8RS, EV 90.0 MPH)
Top of the 9th over - 0 runs, 1 hit, 0 errors, 0 left on base; Puerto Barrios 10 - Guadalajara 1
BOTTOM OF THE 9TH
Guadalajara Marianchis batting - Pitching for Puerto Barrios Generals : RHP Bill Aguilar
Now at C: Gabe Morales
Now at 3B: Richard Hyatt
Batting: RHB Mark Maher 0-0: Swinging Strike
0-1: Ground out 6-3 (Groundball, 56, EV 85.0 MPH)
Batting: RHB Jeff Rudolph 0-0: Ball
1-0: Foul Ball, location: 2F
1-1: Swinging Strike
1-2: Strikes out looking
Batting: LHB Erik Nelson 0-0: Called Strike
0-1: Ball
1-1: Foul Ball, location: 2F
1-2: Strikes out looking
Bottom of the 9th over - 0 runs, 0 hits, 0 errors, 0 left on base; Puerto Barrios 10 - Guadalajara 1
Monday, June 22nd, 2020 - OOTP Baseball 21.4 Build 63